 Dungeon Crawl Stone Soup version 0.21.1-1-g345015f (webtiles) character file.

1682 pk666 the Thaumaturge (level 8, 0/41 HPs)
             Began as a Deep Elf Wizard on Feb 10, 2018.
             Was an Initiate of Vehumet.
             Succumbed to a killer bee's poison
             ... on level 7 of the Dungeon.
             The game lasted 00:25:20 (7274 turns).

pk666 the Thaumaturge (Deep Elf Wizard)             Turns: 7274, Time: 00:25:21

Health: 0/41       AC:  7    Str:  4    XL:     8   Next: 71%
Magic:  3/23       EV: 14    Int: 26    God:    Vehumet [......]
Gold:   251        SH:  0    Dex: 13    Spells: 16/25 levels left

rFire    . . .     SeeInvis +   l - +0 dagger
rCold    + . .     Gourm    .   (no shield)
rNeg     . . .     Faith    .   a - +0 robe
rPois    .         Spirit   .   b - +1 hat
rElec    .         Reflect  .   (no cloak)
rCorr    .         Harm     .   f - +2 pair of gloves
MR       .....                  h - +0 pair of boots
Stlth    ++........             (no amulet)
HPRegen  0.13/turn              g - ring of see invisible
MPRegen  0.18/turn              q - ring of protection from cold

@: lethally poisoned (0 -> -1)
A: no striking features
a: Renounce Religion


You were on level 7 of the Dungeon.
You worshipped Vehumet.
Vehumet was noncommittal.
You were hungry.

You visited 2 branches of the dungeon, and saw 9 of its levels.

You collected 251 gold pieces.

Inventory:

Hand Weapons
 l - a +0 dagger (weapon)
Missiles
 e - 9 tomahawks (quivered)
 u - 5 tomahawks of dispersal
 C - 7 javelins
Armour
 a - a +0 robe (worn)
 b - a +1 hat (worn)
 f - a +2 pair of gloves (worn)
 h - a +0 pair of boots (worn)
Jewellery
 g - a ring of see invisible (left hand)
 q - a ring of protection from cold (right hand)
 x - an uncursed amulet of guardian spirit {unknown}
 D - a cursed amulet of inaccuracy {unknown}
Scrolls
 j - a scroll of immolation {unknown}
 n - 4 scrolls of identify {unknown}
 r - a scroll of remove curse
 s - 2 scrolls of teleportation {unknown}
 t - a scroll of fog {unknown}
 v - a scroll of enchant weapon {unknown}
 w - a scroll of magic mapping
 y - 2 scrolls of noise {unknown}
 z - a scroll of blinking
Potions
 i - a potion of magic {unknown}
 k - a potion of haste {unknown}
 m - 4 potions of heal wounds {unknown}
 o - 2 potions of lignification {unknown}
 p - a potion of flight {unknown}
 B - a potion of cancellation {unknown}
 F - a potion of curing {unknown}
Books
 c - a book of Minor Magic

   Spells                             Type                      Level
   a - Magic Dart                     Conjuration                  1
   b - Blink                          Translocation                2
   c - Call Imp                       Summoning                    2
   d - Slow                           Hexes                        2
   e - Conjure Flame                  Conjuration/Fire             3
   f - Mephitic Cloud                 Conjuration/Poison/Air       3
 A - a book of Misfortune

   Spells                             Type                      Level
   a - Confusing Touch                Hexes                        1
   b - Confuse                        Hexes                        3
   c - Gell's Gravitas                Translocation                3
   d - Petrify                        Transmutation/Earth          4
   e - Metabolic Englaciation         Hexes/Ice                    5
   f - Yara's Violent Unravelling     Hexes/Transmutation          5
Comestibles
 d - 12 rations


   Skills:
 - Level 5.0 Dodging
 - Level 2.4 Stealth
 + Level 9.4 Spellcasting
 + Level 6.9 Conjurations
   Level 1.1 Summonings
 - Level 1.1 Translocations
 + Level 4.5 Fire Magic
 - Level 2.0 Air Magic
 - Level 2.1 Poison Magic


You had 16 spell levels left.
You knew the following spells:

 Your Spells              Type           Power        Failure   Level  Hunger
a - Magic Dart            Conj           ####         1%          1    None
b - Blink                 Tloc           N/A          4%          2    None
d - Conjure Flame         Conj/Fire      #####...     1%          3    None
z - Mephitic Cloud        Conj/Pois/Air  ####....     3%          3    None


Dungeon Overview and Level Annotations

Branches:
Dungeon (8/15)             Temple (1/1) D:5
   Lair: D:8-11

Altars:
Ashenzari
Cheibriados
Dithmenos
Elyvilon
Fedhas
Gozag
Hepliaklqana
Kikubaaqudgha
Makhleb
Nemelex Xobeh
Okawaru
Qazlal
Ru
Sif Muna
Trog
Uskayaw
Vehumet
Wu Jian
Xom
Yredelemnul
Zin
The Shining One

Annotations:
D:6 Edmund, Sigmund
D:8 Grum


Message History

Casting: Blink
Confirm with . or Enter, or press ? or * to list all spells.
Aiming: Mephitic Cloud
Press: ? - help, Shift-Dir - straight line, f - wolf
Aim: a wolf The ball explodes into a vile cloud!
The stinking cloud engulfs the wolf.
You feel sick.
The wolf is engulfed in noxious fumes. x2; The wolf misses you.
The wolf is engulfed in noxious fumes.
The wolf appears confused.
There is a stone staircase leading down here.
You feel sick. The shadow imp misses you.
The shadow imp picks up a beetle and eats it.
You feel sick.
All of the chunks of flesh in your inventory have rotted away.
You feel sick. The shadow imp gestures at you. Pain shoots through your body!
* * * LOW HITPOINT WARNING * * *
There is a stone staircase leading up here.
You die...

###)#.########
######.....# #...#
##........### ##<..#
.######.....#########....#
........########......####
......................###
...........#######....#
#.####.##......##..).#
##............5.@.....#
.........##.....##....#
.........##.....##....#
......................#
...>.....##..#####....#
.........##.## ######
###...####..#
###.†......## ...>...#####


You could see a shadow imp.

Vanquished Creatures
  2 sky beasts
  An orc warrior (D:5)
  2 phantoms
  3 ogres
  A bullfrog (D:7)
  3 scorpions (D:5)
  3 killer bees (D:4)
  A howler monkey (D:3)
  2 crimson imps (D:5)
  2 jellies (D:5)
  A gnoll shaman (D:4)
  2 orc priests (D:5)
  A bullfrog skeleton (D:6)
  An iguana (D:5)
  2 worker ants
  A hound skeleton (D:4)
  6 gnolls
  11 adders
  An ooze (D:3)
  3 adder skeletons
  5 worms
  3 dart slugs
  5 leopard geckos
  14 orcs
  3 ball pythons
  6 bats
  2 giant cockroaches
  10 goblins
  13 hobgoblins
  8 jackals
  3 quokkas
  5 frilled lizards
  7 kobolds
  9 rats
142 creatures vanquished.

Vanquished Creatures (others)
  A wizard (D:3)
1 creature vanquished.

Grand Total: 143 creatures vanquished

Notes
Turn   | Place    | Note
-------+----------+-------------------------------------------
     0 | D:1      | pk666 the Deep Elf Wizard began the quest for the Orb.
     0 | D:1      | Reached XP level 1. HP: 10/10 MP: 7/7
   183 | D:1      | Reached XP level 2. HP: 12/15 MP: 0/9
   416 | D:1      | Reached skill level 5 in Spellcasting
   416 | D:1      | Reached XP level 3. HP: 2/19 MP: 1/11
  1470 | D:2      | Found an iron altar of Okawaru.
  1481 | D:2      | Learned a level 3 spell: Mephitic Cloud
  1485 | D:2      | Learned a level 3 spell: Conjure Flame
  1488 | D:2      | Learned a level 2 spell: Blink
  1860 | D:2      | Reached XP level 4. HP: 24/24 MP: 9/13
  2721 | D:3      | Reached skill level 6 in Spellcasting
  2806 | D:3      | Reached XP level 5. HP: 28/28 MP: 9/15
  3168 | D:3      | Found a bloodstained altar of Trog.
  3204 | D:3      | Noticed a wizard
  3207 | D:3      | Killed a wizard
  3587 | D:4      | Reached XP level 6. HP: 32/32 MP: 5/17
  3592 | D:4      | Reached skill level 7 in Spellcasting
  3906 | D:4      | Reached skill level 5 in Conjurations
  3912 | D:4      | Reached XP level 7. HP: 36/36 MP: 4/19
  4164 | D:4      | Reached skill level 1 in Air Magic
  4164 | D:4      | Reached skill level 1 in Poison Magic
  4481 | D:4      | Reached skill level 1 in Fire Magic
  5095 | D:5      | Entered Level 5 of the Dungeon
  5190 | D:5      | Reached skill level 5 in Dodging
  5205 | D:5      | Reached skill level 8 in Spellcasting
  5359 | D:5      | Found a white marble altar of Elyvilon.
  5545 | D:5      | Reached XP level 8. HP: 41/41 MP: 12/22
  5664 | D:5      | Found a stormy altar of Qazlal.
  5664 | D:5      | Found a glowing silver altar of Zin.
  6265 | D:5      | Found a staircase to the Ecumenical Temple.
  6274 | Temple   | Entered the Ecumenical Temple
  6366 | Temple   | Became a worshipper of Vehumet
  6513 | D:6      | Noticed Edmund
  6709 | D:5      | Reached skill level 9 in Spellcasting
  6873 | D:6      | Noticed Sigmund
  7246 | D:8      | Noticed Grum
  7273 | D:7      | HP: 1/41 [shadow imp/nerve-wracking pain (11)]
  7274 | D:7      | Succumbed to a killer bee's poison

Skill      XL: |  1  2  3  4  5  6  7  8 |
---------------+-------------------------+-----
Conjurations   | 2 3 4 5 6 |  6.9
Spellcasting   | 5 6 7 8 9 |  9.4
Dodging        | 3 4 5 |  5.0
Air Magic      | 2 |  2.0
Poison Magic   | 2 |  2.1
Fire Magic     | 2 4 |  4.5
Stealth        | |  2.4
Summonings     | |  1.1
Translocations | |  1.1

Action                   |  1- 3 |  4- 6 |  7- 9 || total
-------------------------+-------+-------+-------++-------
Melee: Unarmed           |    14 |       |       ||    14
       Dagger            |       |       |     9 ||     9
 Cast: Magic Dart        |   101 |   135 |   272 ||   508
       Mephitic Cloud    |       |     2 |    13 ||    15
       Conjure Flame     |       |     8 |    13 ||    21
       Blink             |       |       |     4 ||     4
  Use: Scroll            |     4 |     1 |       ||     5
  Eat: Chunk             |     3 |     6 |     6 ||    15
       Ration            |       |       |     1 ||     1
Armor: Robe              |     9 |     2 |     9 ||    20
Dodge: Dodged            |    29 |    10 |    47 ||    86
